 Dungeon Crawl Stone Soup version 0.27.1-34-g3ba077fa99 (webtiles) character file.

Game seed: 358706904414515022

729 Arum the Shield-Bearer (level 8, -3/96 HPs)
             Began as a Formicid Fighter on Jan 9, 2022.
             Was an Initiate of Gozag.
             Slain by a wight (4 damage)
             ... on level 6 of the Dungeon.
             The game lasted 00:06:47 (3685 turns).

Arum the Shield-Bearer (Formicid Fighter)           Turns: 3685, Time: 00:06:50

Health: -3/96      AC: 24    Str: 23    XL:     8   Next: 3%
Magic:  8/8        EV:  2    Int:  8    God:    Gozag
Gold:   551        SH:  0    Dex: 10    Spells: 7/7 levels left

rFire    + . .     SeeInvis .   i - +2 whip (elec)
rCold    + . .     Faith    .   c - +0 kite shield
rNeg     + + +     Spirit   .   (armour currently unavailable)
rPois    +         Reflect  .   (helmet unavailable)
rElec    +         Harm     .   (cloak currently unavailable)
rCorr    +         Rampage  .   (gloves currently unavailable)
Will     .....                  (boots currently unavailable)
Stlth    +.........             (no amulet)
HPRegen  0.26/turn              (no ring)
MPRegen  0.11/turn              (no ring)

@: confused, mighty, tree-form (expiring), resistant, very slightly
contaminated, invisible
A: stationary, stasis, torment immunity, boosted hp, permanent stasis, dig
shafts and tunnels, (antennae 3), four strong arms, mutation resistance 1
a: Renounce Religion, Potion Petition, Call Merchant, Bribe Branch


You were on level 6 of the Dungeon.
You worshipped Gozag.
Gozag was pleased with you.
You were a tree.
You visited 1 branch of the dungeon, and saw 4 of its levels.
You also visited: Sewer.

You collected 553 gold pieces.
You paid 2 gold pieces to Gozag.

Inventory:

Hand Weapons
 a - a +0 quarterstaff
 i - a +2 whip of electrocution (weapon)
Armour
 b - a +0 scale mail (melded)
 c - a +0 kite shield (worn)
Scrolls
 h - 2 scrolls of amnesia
 j - a scroll of fear
 l - a scroll of enchant weapon
Potions
 d - a potion of might
 f - a potion of attraction
 g - a potion of lignification
 o - a potion of mutation
 p - a potion of invisibility


   Skills:
 + Level 6.1 Fighting
 + Level 5.1 Staves
 - Level 3.2 Armour
 + Level 6.7 Shields


You had 7 spell levels left.
You didn't know any spells.
Your spell library was empty.

Dungeon Overview and Level Annotations

Branches:
Dungeon (3/15)              Sewer (visited)

Altars:
Elyvilon
Gozag
Trog
Xom


Innate Abilities, Weirdness & Mutations

You are a tree.
Your roots penetrate the ground, keeping you stationary.
You cannot be teleported.
You are immune to unholy pain and torment.
Your maximum health is greatly increased.
Your equipment is partially melded.
You cannot be hasted, slowed, berserked, paralysed or teleported.
You can dig through walls and to a lower floor.
((You have a pair of large antennae on your head. (SInv)))
Your four strong arms can wield two-handed weapons with a shield.
You are somewhat resistant to further mutation.


Message History

* * * LOW HITPOINT WARNING * * *
The wight hits you but does no damage.
You whack something! The orc hits you with a +0 hand axe.
* * * LOW HITPOINT WARNING * * *
The orc hits you but does no damage.
The wight is distracted by your dazzling golden aura.
The wight hits you but does no damage. You block the wight's attack.
You hear some strange, mumbled words.
You are confused.
You whack the orc!
You kill the orc!
The orc hits you but does no damage. The wight hits you with a +4 dagger.
* * * LOW HITPOINT WARNING * * *
Something hits you but does no damage. The wight barely misses you.
Unknown command.
It was a potion of resistance.
You feel protected. The orc hits you but does no damage.
The wight hits you but does no damage. x2
Something hits you but does no damage.
It was a potion of invisibility.
You fade into invisibility!
An orc wizard appears from thin air!
Reactivating autopickup.
The wight is no longer distracted by gold.
The orc hits you but does no damage. The wight barely misses you.
The wight hits you with a +4 dagger.
* * * LOW HITPOINT WARNING * * *
The wight hits you with a +4 falchion.
* * * LOW HITPOINT WARNING * * *
The orc wizard hits you but does no damage.
You are very lightly contaminated with residual magic.
Unknown command.
It was a potion of mutation.
You feel extremely strange.
You feel genetically stable. The orc hits you but does no damage.
The wight hits you from afar with a +0 trident.
* * * LOW HITPOINT WARNING * * *
The wight hits you with a +4 dagger.
You die...
Your body crumbles into a pile of gold.

###......##...
..........#..
............ #
........... .# .
..........##.Y#..
.......h...#.....
......oozz....##
$
......$♣zz.....#
....#.###..##.. .
# #§..# ##§...#
......# ..#####
.## ##


You could see a hound, 4 wights, an orc wizard and an orc.

Vanquished Creatures
  An orc warrior (D:6)
  A sky beast (D:6)
  2 bullfrogs (Sewer)
  A scorpion (D:3)
  A water moccasin skeleton (D:3)
  A wight (D:6)
  A hound (D:6)
  8 adders
  8 river rats (Sewer)
  A dart slug (D:2)
  2 orcs (D:6)
  13 ball pythons
  5 endoplasms
  3 giant cockroaches
  3 goblins
  5 hobgoblins
  4 jackals (D:1)
  6 quokkas
  6 bats
  8 frilled lizards
  7 kobolds
  23 rats
110 creatures vanquished.

Vanquished Creatures (collateral kills)
  An adder (D:6)
1 creature vanquished.

Vanquished Creatures (others)
  2 fungi (D:3)
  5 plants (D:3)
7 creatures vanquished.

Grand Total: 118 creatures vanquished

Notes
Turn   | Place    | Note
-------+----------+-------------------------------------------
     0 | D:1      | Arum the Formicid Fighter began the quest for the Orb.
     0 | D:1      | Reached XP level 1. HP: 18/18 MP: 1/1
   630 | D:1      | Reached XP level 2. HP: 21/24 MP: 2/2
  1019 | D:1      | Reached XP level 3. HP: 29/30 MP: 3/3
  1231 | D:1      | Found an opulent altar of Gozag.
  1253 | D:1      | Became a worshipper of Gozag Ym Sagoz the Greedy
  1789 | D:2      | Reached XP level 4. HP: 37/37 MP: 4/4
  2292 | D:3      | Reached XP level 5. HP: 43/43 MP: 5/5
  2335 | D:3      | Found a bloodstained altar of Trog.
  2340 | D:3      | Found a shimmering altar of Xom.
  2352 | D:3      | Found a white marble altar of Elyvilon.
  2363 | D:3      | Reached skill level 5 in Shields
  2368 | D:3      | Reached XP level 6. HP: 19/49 MP: 6/6
  2420 | D:3      | Found a glowing drain.
  2442 | Sewer    | Entered a sewer
  2987 | Sewer    | Reached skill level 5 in Fighting
  3450 | Sewer    | Reached XP level 7. HP: 36/56 MP: 7/7
  3632 | D:3      | You fall into a shaft and drop 3 floors!
  3669 | D:6      | Reached skill level 5 in Staves
  3677 | D:6      | Reached XP level 8. HP: 25/64 MP: 8/8
  3684 | D:6      | HP: 3/96 [wight (6)]
  3685 | D:6      | Gained mutation: You are somewhat resistant to further
                  | mutation. [potion of mutation]
  3685 | D:6      | HP: 1/96 [wight (2)]
  3685 | D:6      | Slain by a wight

Illustrated notes

Levels and vault maps discovered:
D:1:      dpeg_arrival_lava_altar, layout_basic, minmay_tiny_reverse_x
D:2:      minmay_alternating_diamond, layout_basic
D:3:      layout_rooms, hangedman_ru_absence, elyvilon_altar_5,
          mainiacjoe_overflow_big_doors,
          shapermc_ecumenical_altar_mp_ritualfount,
          cheibrodos_sewer_entry_drain, serial_co_window_serial,
          co_window_corner_a, co_window_of_opportunity_a,
          co_window_of_opportunity_a, co_window_of_opportunity_a,
          co_window_paths_a, co_window_paths_a, co_window_corner_a,
          co_window_cross_3, co_window_of_opportunity_c, co_window_broadway_a,
          co_window_paths_c, co_window_of_opportunity_b, co_window_corner_b,
          glass_columns_c, uniq_grinder
D:6:      layout_rooms, zin_scriptorium, enter_ossuary_2, hangedman_decor_points

Skill      XL: |  1  2  3  4  5  6  7 |
---------------+----------------------+-----
Shields        | 4 5 6 |  6.7
Fighting       | 4 5 6 |  6.1
Staves         | 3 4 5 |  5.1
Armour         | |  3.2

Action                   |  1- 3 |  4- 6 |  7- 9 || total
-------------------------+-------+-------+-------++-------
Melee: Quarterstaff      |    61 |       |       ||    61
       Whip              |    44 |   198 |    65 ||   307
 Abil: Dig               |     1 |     6 |       ||     7
  Use: Scroll            |       |     5 |     5 ||    10
       Potion            |       |       |     8 ||     8
 Stab: Distracted        |       |     1 |       ||     1
Armor: Scale mail        |    46 |    81 |    15 ||   142
       Skin              |       |       |    90 ||    90
Dodge: Dodged            |    39 |    65 |    26 ||   130
Block: Kite shield       |    57 |   110 |    47 ||   214
